 Dungeon Crawl Stone Soup version 0.22-a0-612-gd2f0174 (webtiles) character file.

13582 sking99 the Grappler (level 11, 0/111 HPs)
             Began as a Troll Monk on July 11, 2018.
             Was a High Priest of Wu Jian.
             Succumbed to Sonja's curare-tipped needle
             ... on level 10 of the Dungeon.
             The game lasted 00:19:27 (8535 turns).

sking99 the Grappler (Troll Monk)                   Turns: 8535, Time: 00:19:28

Health: 0/111      AC:  8    Str: 25    XL:     11   Next: 77%
Magic:  5/10       EV: 13    Int:  9    God:    Wu Jian [*****.]
Gold:   479        SH:  0    Dex: 12    Spells: 7/10 levels left

rFire    . . .     SeeInvis .     - Unarmed
rCold    + . .     Gourm    +   (no shield)
rNeg     . . .     Faith    .   a - +1 robe
rPois    .         Spirit   +   (helmet restricted)
rElec    .         Reflect  .   t - +1 cloak {MR+}
rCorr    .         Harm     .   (gloves unavailable)
MR       +....                  (boots unavailable)
Stlth    +.........             e - amulet of guardian spirit
HPRegen  0.68/turn              r - ring of protection from cold
MPRegen  0.12/turn              A - +4 ring of strength

@: lethally poisoned (0 -> -22), slowed, heavily drained, very slow
A: large, unfitting armour, claws 3, fast metabolism 3, gourmand, regeneration
1, shaggy fur 1, tough skin 2
a: Wall Jump, Serpent's Lash, Heavenly Storm, Renounce Religion


You were on level 10 of the Dungeon.
You worshipped Wu Jian.
Wu Jian was extremely pleased with you.
You were very full.

You visited 3 branches of the dungeon, and saw 13 of its levels.

You collected 680 gold pieces.
You spent 201 gold pieces at shops.

Inventory:

Armour
 a - a +1 robe (worn)
 t - a +1 cloak of magic resistance (worn)
 v - a +0 shield
Jewellery
 e - an amulet of guardian spirit (around neck)
 r - a ring of protection from cold (left claw)
 A - a +4 ring of strength (right claw)
Wands
 y - a wand of polymorph (19)
 E - a wand of iceblast (9)
 H - a wand of disintegration (13)
 I - a wand of random effects (15)
Scrolls
 d - 2 scrolls of teleportation
 f - 12 scrolls of identify
 h - a scroll of immolation
 l - 5 scrolls of enchant armour
 p - 3 scrolls of blinking
 q - a scroll of enchant weapon
 u - 2 scrolls of fog {unknown}
 x - 2 scrolls of remove curse
 F - a scroll of random uselessness {unknown}
 G - a scroll of amnesia
Potions
 c - 2 potions of flight
 g - 3 potions of haste
 i - 2 potions of degeneration {unknown}
 j - 3 potions of ambrosia {unknown}
 k - 3 potions of might {unknown}
 m - 2 potions of lignification
 n - 2 potions of agility {unknown}
 o - 4 potions of curing {unknown}
 s - 2 potions of berserk rage {unknown}
 w - 3 potions of brilliance {unknown}
 z - 2 potions of heal wounds {unknown}
 C - a potion of magic {unknown}
Comestibles
 b - 35 rations


   Skills:
 + Level 8.3(6.9) Fighting
 + Level 8.3(6.9) Dodging
 - Level 1.0(0.0) Stealth
 * Level 13.1(11.6) Unarmed Combat
 - Level 3.0(1.8) Hexes


You had 7 spell levels left.
You knew the following spells:

 Your Spells              Type           Power        Failure   Level  Hunger
a - Animate Skeleton      Necr           N/A          38%         1    ##.....
b - Apportation           Tloc           #.....       38%         1    ##.....
c - Confusing Touch       Hex            #.....       19%         1    ##.....

Your spell library contained the following spells:

 Spells                   Type           Power        Failure   Level  Hunger
 Fireball                 Conj/Fire      #.........   100%        5    ######.
 Conjure Flame            Conj/Fire      #.......     77%         3    ####...
 Throw Flame              Conj/Fire      #.....       52%         2    ###....
 Freezing Cloud           Conj/Ice/Air   #.........   100%        6    #######
 Mephitic Cloud           Conj/Pois/Air  #.......     77%         3    ####...
 Ring of Flames           Chrm/Fire      #.........   100%        7    #######
 Summon Small Mammal      Summ           #...         38%         1    ##.....
 Sticky Flame             Conj/Fire      #.......     99%         4    #####..
 Flame Tongue             Conj/Fire      #....        38%         1    ##.....
 Inner Flame              Hex/Fire       #.......     65%         3    ####...
 Poisonous Vapours        Pois/Air       #.....       52%         2    ###....


Dungeon Overview and Level Annotations

Branches:
Dungeon (11/15)            Temple (1/1) D:4            Lair (1/6) D:10
    Orc (0/2) D:9

Altars:
Ashenzari
Cheibriados
Dithmenos
Elyvilon
Fedhas
Gozag
Hepliaklqana
Kikubaaqudgha
Makhleb
Nemelex Xobeh
Okawaru
Qazlal
Ru
Sif Muna
Trog
Uskayaw
Vehumet
Wu Jian
Xom
Yredelemnul
Zin
The Shining One

Shops:
D:5 *([%   D:7 ?

Annotations:
D:11 3 runed doors, DrakeDragon's ghost, novice DrFE
Lair:1 Sonja


Innate Abilities, Weirdness & Mutations

You are too large for most types of armour.
You have claws for hands.
Your metabolism is lightning-fast.
You like to eat raw meat.
Your natural rate of healing is unusually fast.
You are covered in fur. (AC +1)
You have very tough skin. (AC +2)


Message History

You have difficulty breathing.
* * * LOW HITPOINT WARNING * * *
You feel as though you will be slow longer.
* * * LOW HITPOINT WARNING * * *
You feel extremely sick.
The blink frog blinks!
* * * LOW HITPOINT WARNING * * *
You feel very sick.
The blink frog blinks! x2
* * * LOW HITPOINT WARNING * * *
You feel very sick.
Sonja gestures wildly while chanting.
Sonja blinks!
There is a staircase back to the Dungeon here.
* * * LOW HITPOINT WARNING * * *
You feel very sick.
Sonja gestures wildly while chanting.
Sonja blinks!
The blink frog blinks!
You climb upwards.
Welcome back to the Dungeon!
You die...

# #..............## #
###...........##..# #
##.'.....###...###.# #
#..#.....##.....##.#
####.##.....#..P....#.#
.....##.....#..P..P.#.#
#######...............#
# ######..........#
####.....@.....#
#.............##
#.............#
########....#.P.....##
......##....#..P....#
#####..'....##.....##
####....###...##
#..........#
#...>......#


There were no monsters in sight!

Vanquished Creatures
  Harold (D:10)
  Erolcha (D:10)
  A death yak (D:10)
  Urug (D:10)
  An unseen horror (D:10)
  Pikel (D:4)
  A manticore (D:11)
  Joseph (D:8)
  Psyche (D:8)
  A centaur zombie (D:10)
  A spiny frog (Lair:1)
  A gargoyle (D:8)
  Grinder (D:4)
  2 hornets (D:9)
  2 hippogriffs
  4 trolls
  3 blink frogs (Lair:1)
  Prince Ribbit (D:7)
  Eustachio (D:6)
  Grum (D:9)
  2 basilisks (D:10)
  2 hungry ghosts
  Menkaure (D:7)
  2 steam dragons (D:7)
  3 slaves (D:4)
  A porcupine (Lair:1)
  3 sky beasts
  3 orc warriors
  A hornet zombie (D:6)
  An ogre (D:11)
  A phantom (D:5)
  2 wolves (D:9)
  2 centaurs
  7 bullfrogs
  A scorpion (D:4)
  17 killer bees
  8 wights
  3 howler monkeys (D:10)
  A bullfrog zombie (D:11)
  A hound (D:6)
  2 quasits
  2 crimson imps
  6 jellies
  2 orc priests
  2 bullfrog skeletons
  3 centaur skeletons
  8 orc wizards
  An iguana (D:9)
  4 worker ants
  2 worker ant zombies
  8 gnolls
  13 adders
  5 shadow imps
  5 oozes (D:9)
  2 dart slugs
  7 leopard geckos
  31 orcs
  6 giant cockroaches
  8 goblins
  8 hobgoblins
  20 jackals
  7 kobolds
  4 quokkas
  A ball python (D:2)
  A ball python zombie (D:5)
  9 bats
  9 frilled lizards
  A jackal skeleton (D:8)
  A quokka skeleton (D:5)
  5 rats
272 creatures vanquished.

Vanquished Creatures (others)
  An orc wizard (D:5)
1 creature vanquished.

Grand Total: 273 creatures vanquished

Notes
Turn   | Place    | Note
-------+----------+-------------------------------------------
     0 | D:1      | sking99 the Troll Monk began the quest for the Orb.
     0 | D:1      | Reached XP level 1. HP: 22/22 MP: 0/0
   184 | D:1      | Found an iron altar of Okawaru.
   204 | D:1      | Reached XP level 2. HP: 28/29 MP: 1/1
   770 | D:2      | Reached XP level 3. HP: 30/36 MP: 2/2
   952 | D:2      | Learned a level 1 spell: Animate Skeleton
  1124 | D:2      | Learned a level 1 spell: Apportation
  1146 | D:2      | Reached skill level 4 in Unarmed Combat
  1667 | D:3      | Reached XP level 4. HP: 44/44 MP: 3/3
  1717 | D:3      | Found a sacrificial altar of Ru.
  1841 | D:3      | Reached XP level 5. HP: 53/53 MP: 4/4
  2273 | D:3      | Found a basalt altar of Yredelemnul.
  2273 | D:3      | Found a snail-covered altar of Cheibriados.
  2422 | D:4      | Reached skill level 5 in Unarmed Combat
  2446 | D:4      | Found a staircase to the Ecumenical Temple.
  2500 | D:4      | Reached XP level 6. HP: 56/61 MP: 5/5
  2581 | Temple   | Entered the Ecumenical Temple
  2701 | Temple   | Became a worshipper of the Wu Jian Council
  2701 | Temple   | Reached * piety under Wu Jian
  2701 | Temple   | Reached ** piety under Wu Jian
  2796 | D:4      | Noticed Grinder
  2803 | D:4      | Killed Grinder
  2803 | D:4      | Reached skill level 6 in Unarmed Combat
  2844 | D:4      | Learned a level 1 spell: Confusing Touch
  2846 | D:4      | Reached XP level 7. HP: 68/68 MP: 6/6
  2891 | D:4      | Noticed Pikel
  2906 | D:4      | Killed Pikel
  2906 | D:4      | Reached skill level 7 in Unarmed Combat
  3333 | D:5      | Entered Level 5 of the Dungeon
  3397 | D:5      | Found an iron altar of Okawaru.
  3503 | D:5      | Reached XP level 8. HP: 79/79 MP: 7/7
  3555 | D:5      | Found a shadowy altar of Dithmenos.
  3677 | D:5      | Found a bloodstained altar of Trog.
  3755 | D:5      | Found Virghasay's Armour Shop.
  3756 | D:5      | Found Cahoy's Food Shop.
  3758 | D:5      | Found Etamomn's Antique Weapon Shop.
  3759 | D:5      | Found Jyn Dapn's General Store.
  3783 | D:5      | Bought a +1 cloak of magic resistance for 165 gold pieces
  3960 | D:6      | Reached skill level 1 in Hexes
  4126 | D:6      | Noticed Eustachio
  4149 | D:6      | Killed Eustachio
  4381 | D:6      | Reached skill level 8 in Unarmed Combat
  4407 | D:6      | Reached skill level 5 in Fighting
  4407 | D:6      | Reached skill level 5 in Dodging
  4772 | D:7      | Reached *** piety under Wu Jian
  4792 | D:7      | Noticed Menkaure
  4797 | D:7      | Killed Menkaure
  4850 | D:7      | Reached XP level 9. HP: 88/88 MP: 8/8
  4855 | D:7      | Found Safupum's Magic Scroll Boutique.
  4909 | D:7      | Bought a scroll of remove curse for 36 gold pieces
  5105 | D:7      | Found a hazy altar of Hepliaklqana.
  5439 | D:7      | Noticed Prince Ribbit
  5463 | D:7      | Killed Prince Ribbit
  5463 | D:7      | Reached skill level 9 in Unarmed Combat
  5504 | D:8      | Noticed Joseph
  5509 | D:8      | Found a glowing golden altar of the Shining One.
  5512 | D:8      | Killed Joseph
  5575 | D:8      | Reached skill level 10 in Unarmed Combat
  5705 | D:8      | Noticed a gargoyle
  5713 | D:8      | Killed a gargoyle
  5713 | D:8      | Reached XP level 10. HP: 62/98 MP: 4/9
  5867 | D:8      | Noticed Psyche
  5878 | D:8      | Killed Psyche
  6043 | D:8      | Found a deep blue altar of Sif Muna.
  6062 | D:9      | Noticed Grum
  6069 | D:9      | Killed Grum
  6205 | D:9      | Found an ancient bone altar of Kikubaaqudgha.
  6205 | D:9      | Found a blossoming altar of Fedhas.
  6251 | D:9      | Paralysed by a hornet for 1 turns
  6485 | D:9      | Found a staircase to the Orcish Mines.
  6549 | D:9      | Paralysed by a hornet for 2 turns
  6678 | D:9      | Reached **** piety under Wu Jian
  6682 | D:9      | Reached skill level 11 in Unarmed Combat
  6744 | D:9      | Found a white marble altar of Elyvilon.
  6867 | D:9      | Found a glowing silver altar of Zin.
  6915 | D:9      | Found a shimmering altar of Xom.
  6916 | D:9      | Found a burning altar of Makhleb.
  6933 | D:10     | Entered Level 10 of the Dungeon
  7018 | D:10     | Found a staircase to the Lair.
  7018 | D:10     | Noticed a death yak
  7115 | D:10     | Killed a death yak
  7191 | D:10     | Killed an unseen horror
  7191 | D:10     | Reached XP level 11. HP: 73/109 MP: 7/10
  7385 | D:10     | Noticed Harold
  7396 | D:10     | Killed Harold
  7396 | D:10     | Reached skill level 12 in Unarmed Combat
  7414 | D:10     | Noticed Erolcha
  7418 | D:10     | Killed Erolcha
  7609 | D:10     | Noticed Urug
  7610 | D:10     | Killed Urug
  7729 | D:11     | Found a runed gate.
  7735 | D:11     | Found a runed gate.
  7940 | D:11     | Noticed a five-headed hydra
  7941 | D:11     | Found a runed gate.
  7942 | D:11     | Noticed a minotaur
  7950 | D:11     | Noticed DrakeDragon's ghost (novice DrFE)
  8504 | Lair:1   | Entered Level 1 of the Lair of Beasts
  8510 | Lair:1   | Noticed Sonja
  8513 | Lair:1   | Reached skill level 13 in Unarmed Combat
  8520 | Lair:1   | Reached ***** piety under Wu Jian
  8534 | Lair:1   | HP: 5/111 [poisoned by Sonja (curare-tipped needle)]
  8535 | D:10     | Succumbed to Sonja's curare-tipped needle

Vault maps used:
D:1:      dpeg_arrival_three_smaller_balls, okawaru_ov_weapons_minmay
D:3:      minmay_door_path, nicolae_overflow_crystal_walls,
          gammafunk_temple_overflow_elements, first_ration
D:4:      temple_pool_b, st_stairs_9, kennysheep_big_empty_room, uniq_pikel,
          uniq_grinder
D:5:      old_standard_altar, bloody_trog, minmay_shop_grid_forest,
          grunt_dithmenos_shadows
D:6:      uniq_eustachio
D:7:      kennysheep_steamy, lemuel_round_altar, serial_shops, shop,
          uniq_menkaure, uniq_prince_ribbit1
D:8:      lemuel_blue_sif_altar, basic_altar, uniq_psyche, uniq_joseph
D:9:      grunt_temple_overflow_champion_of_chaos, zin_treasury,
          elyvilon_altar_1, grunt_temple_overflow_growth_and_decay, orc_0_dummy,
          hangedman_little_slice_of_home, nooodl_food_tri, uniq_grum
D:10:     david_lair_generic, uniq_harold, uniq_urug, uniq_erolcha
D:11:     maelrawn_ghost_labyrinth_escape
Temple:   nicolae_temple_figure_zero
Lair:1:   uniq_sonja

Skill      XL: |  1  2  3  4  5  6  7  8  9 10 11 |
---------------+----------------------------------+-----
Unarmed Combat | 4 5 6 7 8 10 11 13 | 13.1
Fighting       | 3 4 5 6 7 8 |  8.3
Dodging        | 3 4 5 6 7 8 |  8.3
Hexes          | 2 3 |  3.0
Stealth        | |  1.0

Action                   |  1- 3 |  4- 6 |  7- 9 | 10-12 || total
-------------------------+-------+-------+-------+-------++-------
Melee: Unarmed           |   122 |   104 |   241 |   363 ||   830
       Punch             |     1 |     2 |    10 |    18 ||    31
Throw: Throwing net      |       |       |       |     2 ||     2
 Cast: Confusing Touch   |       |       |     1 |     3 ||     4
Invok: Lunge             |       |     1 |    17 |    30 ||    48
       Whirlwind         |       |     1 |    12 |    65 ||    78
       Wall Jump         |       |     1 |     5 |     2 ||     8
       Serpent's Lash    |       |       |     2 |     6 ||     8
  Use: Scroll            |       |     8 |     3 |       ||    11
       Potion            |       |       |     1 |       ||     1
 Stab: Sleeping          |       |     3 |     3 |     2 ||     8
       Distracted        |       |     1 |       |     1 ||     2
       Confused          |       |       |       |     1 ||     1
       Invisible         |       |       |       |     1 ||     1
  Eat: Chunk             |    21 |     9 |    28 |    28 ||    86
Armor: Robe              |    61 |    22 |    63 |   100 ||   246
       Skin              |       |       |   109 |       ||   109
Dodge: Dodged            |    71 |    42 |   106 |   209 ||   428

Table legend:
 A = Spawn XP
 B = Non-spawn XP
 C = Spawn XP percentage of total XP
 D = Spawn monster count
 E = Non-spawn monster count
 F = Spawn count percentage of total count
 G = Total turns spent on level
                    A         B        C        D         E        F      G
               +---------+---------+-------+---------+---------+-------+---------
         Total |       0 |   19403 |   0.0 |       0 |     270 |   0.0 |  8535
               +---------+---------+-------+---------+---------+-------+---------
           D:1 |       0 |      37 |   0.0 |       0 |      20 |   0.0 |   681
           D:2 |       0 |      56 |   0.0 |       0 |      27 |   0.0 |   905
           D:3 |       0 |     164 |   0.0 |       0 |      33 |   0.0 |   740
           D:4 |       0 |    1150 |   0.0 |       0 |      13 |   0.0 |   874
           D:5 |       0 |     267 |   0.0 |       0 |      13 |   0.0 |   590
           D:6 |       0 |     807 |   0.0 |       0 |      15 |   0.0 |   815
           D:7 |       0 |    1241 |   0.0 |       0 |      16 |   0.0 |   735
           D:8 |       0 |    2446 |   0.0 |       0 |      26 |   0.0 |   589
           D:9 |       0 |    2163 |   0.0 |       0 |      27 |   0.0 |   933
          D:10 |       0 |    6920 |   0.0 |       0 |      44 |   0.0 |   754
          D:11 |       0 |    2793 |   0.0 |       0 |      31 |   0.0 |   755
        Lair:1 |       0 |    1359 |   0.0 |       0 |       5 |   0.0 |    31
               +---------+---------+-------+---------+---------+-------+---------
